 Dungeon Crawl Stone Soup version 0.17-a0-125-g34d91a1 (webtiles) character file.

43 DEFE the Magician (level 3, -11/31 HPs)
             Began as a High Elf Wizard on Mar 23, 2015.
             Mangled by Crazy Yiuf
             ... wielding a +3 quarterstaff of chaos
              (16 damage)
             ... while paralysed by something
             ... on level 2 of the Dungeon.
             The game lasted 00:05:44 (1419 turns).

DEFE the Magician (High Elf Wizard)                 Turns: 1419, Time: 00:05:46

Health: -11/31     AC: 21    Str:  6    XL:     3   Next: 37%
Magic:  3/11       EV:  2    Int: 23    God:
Gold:   72         SH:  0    Dex: 13    Spells: 2 memorised, 6 levels left

rFire  + . .     SeeInvis .     f - +0 dagger
rCold  . . .     Clarity  .     a - melded +0 robe
rNeg   + + +     SustAb   .     (no shield)
rPois  +         Gourm    .     b - melded +0 hat
rElec  .         Spirit   .     (cloak currently unavailable)
rCorr  .         Warding  .     (gloves currently unavailable)
rMut   .         NoTele   +     (boots currently unavailable)
MR     .....                    (no amulet)
Stlth  ++........               (no ring)
                                h - ring of protection from fire

@: paralysed, tree-form, very slightly contaminated, invisible, not resistant to
hostile enchantments, unstealthy
A: no striking features
a: no special abilities


You were on level 2 of the Dungeon.
You were hungry.
You were a tree.
You visited 1 branch of the dungeon, and saw 2 of its levels.

You collected 72 gold pieces.

Inventory:

Hand weapons
 f - a +0 dagger (weapon)
Armour
 a - a +0 robe (melded)
 b - a +0 hat (melded)
Jewellery
 h - a ring of protection from fire (left branch)
Scrolls
 e - 2 scrolls of immolation {unknown}
 i - a scroll of random uselessness {unknown}
 j - 2 scrolls of fear {unknown}
 k - a scroll of amnesia {unknown}
 l - a scroll of magic mapping {unknown}
 n - 3 scrolls of fog {unknown}
Potions
 p - a potion of curing {unknown}
Books
 c - a book of Minor Magic

   Spells                             Type                      Level
   a - Magic Dart                     Conjuration                  1
   b - Blink                          Translocation                2
   c - Call Imp                       Summoning                    2
   d - Repel Missiles                 Charms/Air                   2
   e - Slow                           Hexes                        2
   f - Conjure Flame                  Conjuration/Fire             3
   g - Mephitic Cloud                 Conjuration/Poison/Air       3
Comestibles
 d - 4 bread rations
 q - a meat ration


   Skills:
 + Level 3.1 Dodging
 - Level 2.1 Stealth
 + Level 4.1 Spellcasting
 + Level 2.1 Conjurations
   Level 0.8 Summonings
   Level 1.1 Translocations


You had 6 spell levels left.
You knew the following spells:

 Your Spells              Type           Power        Failure   Level  Hunger
a - Magic Dart            Conj           ##..         4%          1    None
b - Conjure Flame         Conj/Fire      #.......     21%         3    ##.....


Dungeon Overview and Level Annotations

Branches:
Dungeon (2/15)

Altars:
Trog

Annotations:
D:2 exclusions: door and ogre, Crazy Yiuf


Message History

It was a potion of cure mutation.
It has a very clean taste.
You feel healthier.
Your talons dull and shrink into feet.
You no longer feel heat resistant.
You barely miss something. Something hits you but does no damage.
You are electrocuted!
Ouch! That really hurt!
You completely miss something. You hit something.
Something hits you but does no damage.
You closely miss something. Something hits you.
* * * LOW HITPOINT WARNING * * *
You suddenly lose the ability to move!
Something hits you but does no damage. x2
Something hits you.
* * * LOW HITPOINT WARNING * * *
You fade into invisibility!
You are very lightly contaminated with residual magic.
Something hits you but does no damage. x2
You are electrocuted!
Ouch! That really hurt!
You die...

#.#########.....##.#.#
#.# #.# #....>##.#.#
#.# #.# ########.#.#
#.# #.# ###.# #.# #.#
#.# #.# #.# #.####.#
#.##### ### #......#
#..#..## ###..)#
########
#......####♣{...#
##...#..#..##...#
###...#.### ###
####### ## #. #^#####
#.....#


There were no monsters in sight!

Vanquished Creatures
  An adder (D:2)
  An ooze (D:2)
  A ball python (D:1)
  6 goblins
  4 hobgoblins
  A quokka (D:2)
  5 bats
  A giant newt (D:1)
  7 kobolds
  4 rats
31 creatures vanquished.

Vanquished Creatures (others)
  A hobgoblin (D:2)
  A rat (D:2)
2 creatures vanquished.

Grand Total: 33 creatures vanquished

Notes
Turn   | Place    | Note
--------------------------------------------------------------
     0 | D:1      | DEFE, the High Elf Wizard, began the quest for the Orb.
     0 | D:1      | Reached XP level 1. HP: 11/11 MP: 5/5
   325 | D:1      | Reached XP level 2. HP: 17/17 MP: 2/7
   747 | D:2      | Reached skill level 4 in Spellcasting
   768 | D:2      | Found a bloodstained altar of Trog.
   908 | D:2      | Noticed an ogre
   954 | D:2      | Reached XP level 3. HP: 16/21 MP: 1/11
  1251 | D:2      | Learned a level 3 spell: Conjure Flame
  1392 | D:2      | Noticed Crazy Yiuf
  1403 | D:2      | Gained mutation: Your body is slowly deteriorating. [potion of mutation]
  1403 | D:2      | Gained mutation: You have sharp toenails. [potion of mutation]
  1403 | D:2      | Gained mutation: Your flesh is heat resistant. [potion of mutation]
  1410 | D:2      | Lost mutation: Your body is slowly deteriorating. [potion of cure mutation]
  1410 | D:2      | Lost mutation: You have sharp toenails. [potion of cure mutation]
  1410 | D:2      | Lost mutation: Your flesh is heat resistant. [potion of cure mutation]
  1414 | D:2      | Paralysed by something for 7 turns
  1419 | D:2      | Mangled by Crazy Yiuf

Action                   || total
-------------------------++-------
Melee: Dagger            ||    26
       Unarmed           ||     2
 Cast: Magic Dart        ||    70
       Conjure Flame     ||     2
  Use: Potion            ||     3
  Eat: Chunk             ||     1
